AoeStats
← NotGG

Nomad

509751574Analyzed
4v4 RM · 5d ago on Sep 27, 2026· 49m 37s· 8 players
Game mode
Random Map
Map size
231×231
Population
200
Speed
Normal
Resources
Standard
Victory
Conquest
Starting age
Dark Age
Ending age
Imperial Age
RankedLock teamsTeams togetherTeam positionsShared explorationLock speedFull tech treeHidden civsTurbo modeCheats
Victory
Defeat
🇲🇽 Italians · Mexico
1237
+17
🇦🇷 Vietnamese · Argentina
1219
+17
🇨🇱 Lithuanians · Chile
1211
+18
🇧🇷 Mongols · Brazil
1185
+19
🇺🇸 Tatars · United States
1281
-20
🇺🇸 Japanese · United States
1276
-19
🇨🇳 Malians · China
1239
-17
🇨🇭 Maya · Switzerland
1189
-15
RMXs | Arobledoz
4:19 Loom
12:33 Feudal Age
13:51 Double-Bit Axe
20:19 Castle Age
20:01 Gold Mining
20:03 Stone Mining
21:32 Medium Warships
24:37 Bow Saw
25:38 Fletching
30:13 Clinker Construction
32:26 Wheelbarrow
31:36 Town Watch
39:18 Imperial Age
37:23 Padded Archer Armor
37:46 Ballistics
37:17 Heated Shot
38:20 Town Patrol
39:21 Capped Ram
40:51 Leather Archer Armor
42:19 Hand Cart
44:07 Two-Man Saw
45:48 Bodkin Arrow
48:19 Chemistry
48:37 Ring Archer Armor
48:07 Bracer
48:31 Conscription
NotGG
3:09 Loom
13:10 Feudal Age
18:33 Castle Age
22:53 Fletching
29:30 Double-Bit Axe
31:16 Padded Archer Armor
34:00 Bodkin Arrow
34:58 Town Watch
41:18 Imperial Age
40:22 Ballistics
40:11 Gold Mining
40:13 Stone Mining
41:15 Leather Archer Armor
42:01 Stone Shaft Mining
42:04 Bracer
46:14 Chemistry
49:16 Elite Rattan Archer
c7
11:17 Loom
13:45 Feudal Age
19:59 Castle Age
20:37 Scale Barding Armor
20:43 Forging
20:48 Bloodlines
20:32 Double-Bit Axe
23:00 Chain Barding Armor
28:17 Town Watch
29:12 Wheelbarrow
32:33 Gold Mining
33:53 Hand Cart
35:54 Stone Mining
40:42 Imperial Age
40:51 Cavalier
41:32 Husbandry
42:09 Plate Barding Armor
43:13 Conscription
42:58 Paladin
48:38 Chemistry
47:58 Ballistics
47:49 Masonry
Rbofff
5:12 Loom
15:08 Feudal Age
15:39 Double-Bit Axe
16:50 Fishing Lines
23:21 Castle Age
21:22 Fletching
26:41 Bow Saw
30:44 Horse Collar
32:22 Padded Archer Armor
33:20 Wheelbarrow
35:04 Heavy Plow
35:08 Gold Mining
36:33 Bloodlines
37:27 Husbandry
41:08 Imperial Age
39:18 Bodkin Arrow
40:51 Ballistics
41:08 Leather Archer Armor
40:48 Light Cavalry
42:13 Conscription
42:56 Chemistry
42:32 Hussar
44:00 Forging
44:25 Bracer
47:04 Scale Barding Armor
49:31 Iron Casting
50:19 Hand Cart
twitch.tv/WatzTheDeal
9:26 Loom
12:18 Feudal Age
13:43 Double-Bit Axe
22:31 Castle Age
21:16 Fletching
23:53 Medium Warships
25:13 Wheelbarrow
26:29 Wheelbarrow
29:23 Scale Mail Armor
31:31 Pikeman
32:51 Forging
32:57 Chain Mail Armor
33:20 Squires
33:10 Arson
33:27 Squires
35:52 Bodkin Arrow
35:57 Padded Archer Armor
39:16 Imperial Age
42:26 Imperial Age
49:55 Imperial Age
{WaZzU'P} Recluta4!
5:12 Loom
13:52 Feudal Age
15:13 Wheelbarrow
17:38 Fletching
18:25 Town Watch
22:41 Castle Age
23:44 Medium Warships
24:07 Hand Cart
24:45 Bodkin Arrow
29:06 Careening
38:05 Padded Archer Armor
39:01 Ballistics
39:16 Leather Archer Armor
42:19 Bloodlines
42:12 Husbandry
{WaZzU'P} GranPolo
4:26 Loom
14:51 Feudal Age
16:24 Town Watch
22:35 Castle Age
21:43 Double-Bit Axe
22:35 Stone Mining
23:03 Fletching
23:36 Bow Saw
23:44 Town Patrol
23:59 Fishing Lines
27:48 Ballistics
28:38 Padded Archer Armor
30:47 Eagle Warrior
31:32 Horse Collar
32:39 Squires
33:56 Forging
33:47 Scale Mail Armor
35:47 Iron Casting
43:07 Imperial Age
44:08 Chain Mail Armor
44:28 Holcans
45:52 Elite Eagle Warrior
HajimiManbo
7:47 Loom
13:54 Feudal Age
14:51 Fishing Lines
15:17 Man-at-Arms
15:44 Arson
17:11 Fletching
19:17 Forging
19:09 Scale Mail Armor
19:19 Forging
26:22 Castle Age
29:52 Double-Bit Axe
29:48 Horse Collar
31:31 Bow Saw
31:26 Heavy Plow
35:22 Wheelbarrow
37:45 Imperial Age
37:32 Hand Cart
37:03 Town Watch
38:22 Iron Casting
38:02 Chain Mail Armor
37:53 Scale Barding Armor
37:47 Bodkin Arrow
37:52 Padded Archer Armor
38:06 Gold Mining
38:07 Stone Mining
39:32 Town Patrol
40:10 Conscription
39:58 Elite Skirmisher
42:17 Leather Archer Armor
42:29 Thumb Ring
43:36 Farimba
44:40 Gold Shaft Mining
43:56 Stone Mining
44:37 Crop Rotation
45:32 Ring Archer Armor
47:53 Plate Mail Armor
47:44 Chain Barding Armor
46:57 Pikeman
47:37 Squires
47:54 Bloodlines
47:44 Husbandry
47:04 Light Cavalry
Connection lost

Rejoining the realm…

Still unreachable

The connection could not be restored.

Session expired

The server has moved on; the page needs a fresh start.